 Dungeon Crawl Stone Soup version 0.24-a0-471-g3302cd442e (webtiles) character file.

Game seed: 6936302656412141066

967 deorigin the Ducker (level 8, -7/57 HPs)
             Began as a Merfolk Ice Elementalist on July 4, 2019.
             Mangled by a mummy (13 damage)
             ... in an ossuary.
             The game lasted 00:20:55 (5067 turns).

deorigin the Ducker (Merfolk Ice Elementalist)      Turns: 5067, Time: 00:20:56

Health: -7/57      AC:  4    Str: 10    XL:     8   Next: 15%
Magic:  13/13      EV:  8    Int: 14    God:
Gold:   260        SH:  0    Dex: 15    Spells: 9/14 levels left

rFire    x . .     SeeInvis .   z - +6 trident "Ruh Nics" {pain, rPois rF- MR+}
rCold    . . .     Gourm    .   (no shield)
rNeg     . . .     Faith    .   p - +0 leather armour
rPois    +         Spirit   .   (no helmet)
rElec    .         Reflect  .   (no cloak)
rCorr    .         Harm     .   x - +0 pair of gloves
MR       +....                  (no boots)
Stlth    ++........             (no amulet)
HPRegen  0.19/turn              (no ring)
MPRegen  0.13/turn              (no ring)

@: held
A: change form in water, swift swim, stealthy swim
a: no special abilities


You were in an ossuary.
You were not hungry.

You visited 1 branch of the dungeon, and saw 5 of its levels.
You also visited: Ossuary.

You collected 260 gold pieces.

Inventory:

Hand Weapons
 e - a +1 hunting sling
 f - a +3 falchion of draining
 n - a +2 dagger of protection
 z - the +6 trident "Ruh Nics" (weapon) {pain, rPois rF- MR+}
   (You found it on level 4 of the Dungeon)

   In the hands of one skilled in necromantic magic, it inflicts extra damage on
   living creatures.
   It makes you vulnerable to fire.
   It protects you from poison.
   It affects your resistance to hostile enchantments.
 A - a +1 whip of venom
Missiles
 h - 2 boomerangs (quivered)
 i - 123 stones
 B - 23 sling bullets
Armour
 a - a +0 robe
 p - a +0 leather armour (worn)
 w - a +0 ring mail
 x - a +0 pair of gloves (worn)
 D - a +0 large shield
Jewellery
 t - an uncursed ring of wizardry
Wands
 o - a wand of polymorph (4)
 y - a wand of enslavement (9)
Scrolls
 b - 2 scrolls of magic mapping {unknown}
 d - 2 scrolls of enchant weapon
 g - a scroll of remove curse {unknown}
 j - a scroll of enchant armour {unknown}
 k - a scroll of blinking
 r - a scroll of fear
 u - a scroll of teleportation
Potions
 l - a potion of brilliance
 m - 2 potions of heal wounds
 q - 2 potions of lignification
 s - 2 potions of flight
 C - a potion of degeneration {unknown}
Comestibles
 c - 5 rations
 v - 3 chunks of flesh


   Skills:
 - Level 2.7 Fighting
 + Level 5.5 Polearms
 - Level 5.8 Dodging
 - Level 2.2 Stealth
 - Level 3.6 Spellcasting
   Level 0.7 Conjurations
 - Level 4.1 Summonings
 - Level 5.0 Ice Magic


You had 9 spell levels left.
You knew the following spells:

 Your Spells              Type           Power        Failure   Level  Hunger
a - Freeze                Ice            ###.         3%          1    None
b - Summon Ice Beast      Ice/Summ       ###.....     38%         4    ####...

Your spell library contained the following spells:

 Spells                   Type           Power        Failure   Level  Hunger
 Throw Frost              Conj/Ice       ##....       13%         2    ##.....
 Beastly Appendage        Tmut           #.....       28%         1    None
 Ozocubu's Armour         Chrm/Ice       #.......     30%         3    ###....
 Sticks to Snakes         Tmut           #.......     38%         2    ##.....
 Spider Form              Tmut/Pois      #.........   63%         3    ###....
 Throw Icicle             Conj/Ice       ##......     63%         4    ####...
 Ice Form                 Ice/Tmut       #.......     69%         4    ####...
 Blade Hands              Tmut           #.........   100%        5    ######.


Dungeon Overview and Level Annotations

Branches:
Dungeon (5/15)
 Temple: D:4-7

Altars:

Annotations:
D:3 Grinder


Message History

You hit the mummy.
The mummy is heavily damaged.
The big kobold zombie closely misses you.
The mummy hits you!
You puncture the mummy!
The mummy is almost destroyed.
The big kobold zombie hits you but does no damage.
You hit the mummy.
The mummy is almost destroyed.
The mummy drops a net on you. A large net falls onto you!
You become entangled in the net!
The mummy hits you.
You struggle against the net.
The mummy hits you!
* * * LOW HITPOINT WARNING * * *
Unknown command.
You struggle against the net.
Unknown command.
You struggle against the net.
The big kobold zombie hits you.
* * * LOW HITPOINT WARNING * * *
The mummy barely misses you. The mummy hits you!
You die...

##### #
###########@#.#.#.
##.........MMZ..^^.^
#...........Z.......
#M....∩.∩...........
#...........^.^.....
##.........^.^.^..^^
###########.#.#.#.#
#########


You could see 2 mummies and 2 big kobold zombies.

Vanquished Creatures
  Eustachio (D:4)
  An ogre (D:4)
  2 centaurs
  2 howler monkeys (D:4)
  An orc priest (D:2)
  2 orc wizards
  A centaur skeleton (D:4)
  An iguana (D:4)
  Natasha (thrice) (D:2)
  3 worker ants (D:4)
  A hound skeleton (D:5)
  Robin (D:2)
  A howler monkey skeleton (D:4)
  10 adders
  An adder skeleton (D:4)
  3 worms
  A dart slug (D:4)
  3 leopard geckos (D:2)
  8 orcs
  A ball python (D:3)
  8 bats
  2 giant cockroaches
  16 goblins
  9 hobgoblins
  8 jackals
  4 quokkas
  A ball python skeleton (D:4)
  6 frilled lizards
  A hobgoblin zombie (Ossuary)
  8 kobolds
  6 rats
116 creatures vanquished.

Notes
Turn   | Place    | Note
-------+----------+-------------------------------------------
     0 | D:1      | deorigin the Merfolk Ice Elementalist began the quest for
                  | the Orb.
     0 | D:1      | Reached XP level 1. HP: 13/13 MP: 3/3
   239 | D:1      | Reached XP level 2. HP: 19/19 MP: 5/5
   822 | D:2      | Reached XP level 3. HP: 24/24 MP: 4/6
  1157 | D:2      | Reached XP level 4. HP: 25/30 MP: 1/7
  1290 | D:2      | Reached skill level 5 in Ice Magic
  1315 | D:2      | Learned a level 4 spell: Summon Ice Beast
  1338 | D:2      | Noticed Robin
  1351 | D:2      | Killed Robin
  1467 | D:2      | Reached skill level 1 in Summonings
  1498 | D:2      | Reached XP level 5. HP: 35/35 MP: 6/8
  1671 | D:2      | Noticed Natasha
  1676 | D:2      | Killed Natasha
  1676 | D:2      | Reached skill level 5 in Dodging
  1974 | D:2      | Noticed Natasha
  1986 | D:2      | Killed Natasha
  1986 | D:2      | Reached XP level 6. HP: 41/41 MP: 5/9
  2393 | D:2      | Noticed Natasha
  2401 | D:2      | Killed Natasha
  2926 | D:3      | Noticed Grinder
  3119 | D:4      | Reached skill level 1 in Fighting
  3506 | D:4      | Noticed Eustachio
  3529 | D:4      | Reached XP level 7. HP: 49/49 MP: 10/10
  3664 | D:4      | Killed Eustachio
  3861 | D:4      | Got an ichor-stained trident
  3862 | D:4      | Identified the +6 trident "Ruh Nics" {pain, rPois rF- MR+}
                  | (You found it on level 4 of the Dungeon)
  4138 | D:4      | HP: 2/51 [centaur/arrow (14)]
  4148 | D:4      | HP: 1/51 [centaur (7)]
  4149 | D:4      | Reached XP level 8. HP: 1/57 MP: 5/13
  4693 | D:5      | Entered Level 5 of the Dungeon
  4859 | D:5      | Reached skill level 5 in Polearms
  5039 | D:5      | Found a sand-covered staircase.
  5043 | Ossuary  | Entered an ossuary
  5067 | Ossuary  | Mangled by a mummy

Levels and vault maps discovered:
D:1:      sevenhm_arrival_forest_fort_small_6, layout_basic,
          chequers_serial_rivers_small_a, minivault_23
D:2:      layout_basic, first_ration, minmay_tromino_v7, uniq_robin,
          uniq_natasha
D:3:      layout_loops_ring, corexii_shack, uniq_grinder
D:4:      layout_layer_cave, uniq_eustachio
D:5:      layout_cave_pools, lightli_ossuary_entry_decrepit_ruins,
          minmay_crystal_water
Ossuary:  ossuary_the_hunt_dpeg

Skill      XL: |  1  2  3  4  5  6  7  8 |
---------------+-------------------------+-----
Dodging        | 3 4 5 |  5.8
Ice Magic      | 4 5 |  5.0
Summonings     | 1 2 3 4 |  4.1
Fighting       | 1 2 |  2.7
Spellcasting   | 3 |  3.6
Polearms       | 4 5 |  5.5
Stealth        | |  2.2
Conjurations   | |  0.7

Action                   |  1- 3 |  4- 6 |  7- 9 || total
-------------------------+-------+-------+-------++-------
Melee: Unarmed           |     4 |       |       ||     4
       Whip              |       |    24 |     8 ||    32
       Dagger            |       |       |    10 ||    10
       Trident           |       |       |    32 ||    32
 Fire: Hunting sling     |    62 |   122 |    22 ||   206
Throw: Boomerang         |       |     1 |     4 ||     5
 Cast: Freeze            |    25 |    63 |    51 ||   139
  Use: Potion            |       |       |     3 ||     3
       Scroll            |       |       |     9 ||     9
 Stab: Sleeping          |       |       |     2 ||     2
  Eat: Chunk             |     1 |     9 |     5 ||    15
Armor: Robe              |     3 |       |       ||     3
       Leather armour    |     1 |    12 |    16 ||    29
Dodge: Dodged            |    21 |    56 |    74 ||   151

Table legend:
 A = Non-vault XP
 B = Vault XP
 C = Vault XP percentage of total XP
 D = Non-vault monster count
 E = Vault monster count
 F = Vault count percentage of total count
                 A         B        C        D         E       F
            +---------+---------+-------+---------+---------+-------
      Total |    1103 |     279 |  20.2 |      99 |      17 |  14.7
            +---------+---------+-------+---------+---------+-------
        D:1 |      26 |       0 |   0.0 |      17 |       0 |   0.0
        D:2 |     260 |      87 |  25.1 |      32 |      15 |  31.9
        D:3 |      72 |       0 |   0.0 |      19 |       0 |   0.0
        D:4 |     596 |     191 |  24.3 |      21 |       1 |   4.5
        D:5 |     149 |       0 |   0.0 |      10 |       0 |   0.0
    Ossuary |       0 |       1 | 100.0 |       0 |       1 | 100.0
            +---------+---------+-------+---------+---------+-------
